 Dungeon Crawl Stone Soup version 0.19-a0-1886-gd64a0f0 (webtiles) character file.

1435 Leibowitz the Spear-Bearer (level 8, -3/62 HPs)
             Began as a Merfolk Gladiator on Oct 15, 2016.
             Was an Initiate of Gozag.
             Slain by freekh's ghost (17 damage)
             ... on level 6 of the Dungeon on Oct 16, 2016.
             The game lasted 00:22:45 (5723 turns).

Leibowitz the Spear-Bearer (Merfolk Gladiator)      Turns: 5723, Time: 00:22:45

Health: -3/62      AC:  9    Str: 16    XL:     8   Next: 73%
Magic:  8/8        EV: 16    Int:  7    God:    Gozag
Gold:   1107       SH:  0    Dex: 16    Spells: 0 memorised, 7 levels left

rFire  . . .     SeeInvis .     a - +0 trident
rCold  . . .     Gourm    .     b - +0 leather armour
rNeg   . . .     Faith    .     (no shield)
rPois  .         Spirit   .     w - +2 helmet
rElec  .         Dismiss  .     (no cloak)
rCorr  .         Reflect  .     y - +0 pair of gloves
MR     .....     Harm     .     t - +1 pair of boots
Stlth  ++........               (no amulet)
                                (no ring)
                                n - ring of flight

@: no status effects
A: change form in water, swift swim, stealthy swim
a: Potion Petition, Call Merchant, Bribe Branch, Renounce Religion, Evoke Flight


You were on level 6 of the Dungeon.
You worshipped Gozag.
Gozag was most pleased with you.
You were not hungry.

You visited 2 branches of the dungeon, and saw 9 of its levels.
You also visited: Ossuary.

You collected 1142 gold pieces.
You paid 35 gold pieces to Gozag.

Inventory:

Hand Weapons
 a - a +0 trident (weapon)
Missiles
 d - 3 throwing nets (quivered)
 l - 31 poisoned needles
 r - 4 curare-tipped needles
Armour
 b - a +0 leather armour (worn)
 t - a +1 pair of boots (worn)
 w - a +2 helmet (worn)
 y - a +0 pair of gloves (worn)
Jewellery
 n - a ring of flight (left hand)
Wands
 g - a wand of disintegration (11/24)
 B - a wand of slowing (1/48)
Scrolls
 e - a scroll of fear
 h - 6 scrolls of remove curse
 o - 2 scrolls of random uselessness {unknown}
 q - 2 scrolls of magic mapping
 s - 3 scrolls of noise {unknown}
 u - 7 scrolls of identify {unknown}
 x - a scroll of amnesia {unknown}
 C - a scroll of fog {unknown}
Potions
 c - 3 potions of flight
 i - 2 potions of haste
 j - 2 potions of curing
 k - 2 potions of agility
 p - a potion of might
 v - a potion of brilliance
 z - a potion of cancellation
Comestibles
 f - a bread ration
 m - 6 meat rations


   Skills:
 * Level 5.0 Fighting
 * Level 11.4 Polearms
 + Level 2.1 Throwing
 * Level 2.7 Armour
 * Level 6.5 Dodging
 + Level 1.7 Stealth
 + Level 0.4 Evocations


You had 7 spell levels left.
You didn't know any spells.

Dungeon Overview and Level Annotations

Branches:
Dungeon (8/15)             Temple (1/1) D:4
   Lair: D:8-11

Altars:
Cheibriados
Gozag
Kikubaaqudgha
Ru
Trog

Annotations:
D:5 Dowan, Duvessa, Menkaure
D:6 freekh's ghost, novice FoFi


Message History

You hit freekh's ghost but do no damage.
Freekh's ghost is heavily damaged.
Freekh's ghost hits you.
You hit freekh's ghost but do no damage.
Freekh's ghost is heavily damaged.
Freekh's ghost misses you.
You hit freekh's ghost but do no damage.
Freekh's ghost is heavily damaged.
You hit freekh's ghost but do no damage.
Freekh's ghost is heavily damaged.
Freekh's ghost closely misses you.
You hit freekh's ghost but do no damage.
Freekh's ghost is heavily damaged.
Freekh's ghost hits you!
* * * LOW HITPOINT WARNING * * *
You hit freekh's ghost.
Freekh's ghost is heavily damaged.
Freekh's ghost hits you!
You die...
Your body crumbles into a pile of gold.

*,,,,,*,* *****,,,,,* ***
*,***,*,* **+****
,,******,*,*,*,* *,*
,,,,,,,*,*,,,,,* *,*
*,,,,,,*,**############# *,*
##***,,*,*,............#####.* .#
*,,*,*,**#...............* .#
*,,,,*,* #..............!* .#
*,****,* #..@............**** .#
*,,,,,,* #.W#####'#####..,,,,
.#############...##^....#*,,*****
..................##.^.##,,,,,,,,
...................##.##,,,,,,,,,
.#############......###,,,,,*****
## ****#.......#,,,,,,*,,,, *
*,,,..........,,,,,*,,,, *
*,**#.......(.,,,,,*,,,,


You could see freekh's ghost.

Vanquished Creatures
  An orc warrior (D:8)
  3 phantoms
  An ogre (D:4)
  A centaur (D:5)
  3 hounds
  6 orc priests
  A centaur skeleton (D:5)
  Ijyb (D:3)
  An iguana (D:7)
  4 orc wizards
  A hound skeleton (D:4)
  9 mummies
  A worker ant zombie (D:8)
  11 adders
  6 gnolls
  2 shadow imps
  An adder zombie (D:7)
  2 adder skeletons (D:7)
  5 worms
  4 dart slugs
  3 leopard geckos
  15 orcs
  7 bats
  2 giant cockroaches
  A gnoll zombie (Ossuary)
  15 goblins
  5 hobgoblins
  5 frilled lizards
  3 hobgoblin zombies (Ossuary)
  A jackal skeleton (D:4)
  7 kobolds
  2 kobold zombies (Ossuary)
  2 orc zombies (Ossuary)
  4 rats
136 creatures vanquished.

Notes
Turn   | Place    | Note
-------+----------+-------------------------------------------
     0 | D:1      | Leibowitz the Merfolk Gladiator began the quest for the Orb.
     0 | D:1      | Reached XP level 1. HP: 16/16 MP: 1/1
   138 | D:1      | Reached XP level 2. HP: 22/23 MP: 2/2
   495 | D:1      | Reached skill level 5 in Polearms
   495 | D:1      | Reached XP level 3. HP: 16/28 MP: 3/3
   866 | D:2      | Found a bloodstained altar of Trog.
   951 | D:2      | Reached XP level 4. HP: 30/34 MP: 4/4
  1052 | D:2      | Found an opulent altar of Gozag.
  1064 | D:2      | Became a worshipper of Gozag Ym Sagoz the Greedy
  1466 | D:3      | Reached skill level 1 in Armour
  1486 | D:3      | Noticed Ijyb
  1516 | D:3      | Killed Ijyb
  1516 | D:3      | Reached skill level 6 in Polearms
  1521 | D:3      | Reached XP level 5. HP: 17/39 MP: 5/5
  2418 | D:3      | Reached skill level 7 in Polearms
  2478 | D:4      | Reached skill level 5 in Dodging
  2478 | D:4      | Reached XP level 6. HP: 44/47 MP: 6/6
  2519 | D:4      | Found a sacrificial altar of Ru.
  2519 | D:4      | Found an ancient bone altar of Kikubaaqudgha.
  2556 | D:4      | Found a staircase to the Ecumenical Temple.
  2585 | Temple   | Entered the Ecumenical Temple
  2649 | D:4      | Reached skill level 8 in Polearms
  2663 | D:5      | Entered Level 5 of the Dungeon
  2821 | D:4      | Reached XP level 7. HP: 51/53 MP: 7/7
  3075 | D:4      | Reached skill level 1 in Stealth
  3109 | D:4      | Reached skill level 9 in Polearms
  3282 | D:4      | Found a snail-covered altar of Cheibriados.
  3914 | D:5      | Noticed Menkaure
  4100 | D:5      | Noticed Duvessa
  4100 | D:5      | Noticed Dowan
  4232 | D:5      | Reached XP level 8. HP: 7/61 MP: 8/8
  4237 | D:5      | HP: 1/61 [something/magic dart (7)]
  4247 | D:5      | Reached skill level 10 in Polearms
  4566 | D:5      | You fall through a shaft for 3 floors!
  4956 | D:6      | Reached skill level 11 in Polearms
  4998 | D:6      | Found a sand-covered staircase.
  5018 | Ossuary  | Entered an ossuary
  5383 | Ossuary  | Reached skill level 5 in Fighting
  5703 | D:6      | Noticed freekh's ghost (novice FoFi)
  5723 | D:6      | Slain by freekh's ghost

Vault maps used:
D:1:      denvon_arrival_planthouse
D:2:      bloody_trog, lemuel_crystal_altar, first_bread
D:3:      kennysheep_the_goblin_king
D:4:      cheibriados_altar_wand_db, gammafunk_temple_overflow_elements
D:5:      uniq_menkaure, uniq_duvessa
D:6:      gup_ossuary_entry_pyramid, serial_shops,
          nicolae_shop_overgrown_old_shop, grunt_tough_drop
D:7:      kennysheep_mini_moat
D:8:      old_standard_altar, vehumet_crystals, minitemple, blue_anna_alchemist,
          okawaru_humans, uniq_joseph
Temple:   nicolae_temple_figure_zero
Ossuary:  ossuary_tomb_3

Skill      XL: |  1  2  3  4  5  6  7  8 |
---------------+-------------------------+-----
Polearms       | 5 6 7 8 9 11 | 11.4
Armour         | 1 2 |  2.7
Fighting       | 3 4 5 |  5.0
Dodging        | 5 6 |  6.5
Stealth        | 1 |  1.7
Throwing       | |  2.1
Evocations     | |  0.4

Action                   |  1- 3 |  4- 6 |  7- 9 || total
-------------------------+-------+-------+-------++-------
Melee: Trident           |    88 |   204 |   408 ||   700
Throw: Throwing net      |       |     3 |     3 ||     6
Evoke: Wand              |       |       |     8 ||     8
  Use: Potion            |       |       |    14 ||    14
       Scroll            |       |       |     3 ||     3
 Stab: Sleeping          |     1 |       |     1 ||     2
       Held in net/web   |       |     1 |     3 ||     4
       Distracted        |       |     1 |       ||     1
  Eat: Beef jerky        |       |     2 |     1 ||     3
       Pizza             |       |     2 |       ||     2
       Bread ration      |       |       |     2 ||     2
       Royal jelly       |       |       |     1 ||     1
Armor: Leather armour    |    15 |    48 |    67 ||   130
Dodge: Dodged            |    49 |   113 |   182 ||   344
